 Dungeon Crawl Stone Soup version 0.29-a0-284-gf9362112df (webtiles) character file.

Game seed: 12989698677948738241

6432 juncz the Fighter (level 10, -14/92 HPs)
             Began as a Red Draconian Ice Elementalist on Mar 16, 2022.
             Demolished by a two-headed ogre
             ... wielding a +0 giant club
              (26 damage)
             ... on level 10 of the Dungeon.
             The game lasted 00:39:02 (13546 turns).

juncz the Fighter (Red Draconian Ice Elementalist) Turns: 13546, Time: 00:39:02

Health: -14/92     AC:  9    Str: 12    XL:     10   Next: 67%
Magic:  30/31      EV: 12    Int: 21    God:
Gold:   321        SH:  0    Dex: 11    Spells: 17/26 levels left

rFire   + . .      SeeInvis .   c - +6 mace "Trog's Outrage" {vorpal, rC+ MP+9 Str+2}
rCold   + . .      Faith    .   (no shield)
rNeg    . . .      Spirit   .   (body armour unavailable)
rPois   +          Reflect  .   (helmet restricted)
rElec   .          Harm     .   q - +0 cloak {rCorr}
rCorr   +          Rampage  .   (no gloves)
Will    .....                   p - +0 pair of boots
Stlth   ++........              H - amulet of magic regeneration
HPRegen 0.25/turn               k - ring of poison resistance
MPRegen 0.62/turn               E - ring of flight

@: short of breath, freezing walls, flying
A: breathe fire, AC +7, unfitting armour, fire resistance 1, cold-blooded
a: Breathe Fire


You were on level 10 of the Dungeon.
You visited 2 branches of the dungeon, and saw 11 of its levels.

You collected 478 gold pieces.
You spent 157 gold pieces at shops.

Inventory:

Hand Weapons
 c - the +6 mace "Trog's Outrage" (weapon) {vorpal, rC+ MP+9 Str+2}
   (You found it on level 3 of the Dungeon)

   It inflicts extra damage upon your enemies.
   Str:       It affects your strength (+2).
   rC:        It protects you from cold.
   MP:        It affects your magic capacity (+9).
 f - a +2 dagger of holy wrath
 j - a +0 spear
Missiles
 b - 252 stones (quivered)
Armour
 p - a +0 pair of boots (worn)
 q - a +0 cloak of preservation (worn)
Magical Staves
 t - a staff of fire
Jewellery
 k - a ring of poison resistance (left hand)
 z - a +6 ring of dexterity
 E - a ring of flight (right hand)
 H - an amulet of magic regeneration (around neck)
Wands
 g - a wand of polymorph (12)
 s - a wand of flame (74)
 v - a wand of digging (9)
Scrolls
 d - 3 scrolls of amnesia
 e - 2 scrolls of blinking
 i - a scroll of fog {unknown}
 m - a scroll of immolation {unknown}
 n - 5 scrolls of enchant armour {unknown}
 o - a scroll of enchant weapon {unknown}
 x - a scroll of vulnerability {unknown}
 y - 5 scrolls of teleportation {unknown}
 A - a scroll of brand weapon {unknown}
 B - a scroll of noise {unknown}
 C - a scroll of holy word
 F - a scroll of summoning {unknown}
Potions
 a - a potion of magic
 h - 3 potions of flight
 l - 2 potions of resistance
 r - a potion of attraction
 u - 3 potions of curing
 w - a potion of brilliance
 D - 2 potions of heal wounds
Miscellaneous
 G - a box of beasts


   Skills:
 + Level 9.6 Fighting
 - Level 1.7 Dodging
 - Level 1.7 Stealth
 + Level 8.7 Spellcasting
 - Level 4.0 Translocations
 + Level 8.5 Ice Magic


You had 17 spell levels left.
You knew the following spells:

 Your Spells              Type           Power      Damage    Failure   Level
a - Freeze                Ice            100%       1d11      1%          1
b - Frozen Ramparts       Ice            88%        1d10      1%          3
c - Ozocubu's Armour      Ice            44%        N/A       1%          3
d - Blink                 Tloc           52%        N/A       2%          2

Your spell library contained the following spells:

 Spells                   Type           Power      Damage    Failure   Level
 Gell's Gravitas          Tloc           26%        N/A       4%          3
 Lesser Beckoning         Tloc           26%        N/A       4%          3
 Teleport Other           Tloc           26%        N/A       4%          3
 Corpse Rot               Necr/Air       18%        N/A       11%         2
 Poisonous Vapours        Pois/Air       18%        N/A       11%         2
 Hailstorm                Conj/Ice       27%        3d7       13%         4
 Tukima's Dance           Hex            9%         N/A       22%         3
 Manifold Assault         Tloc           26%        N/A       36%         5
 Anguish                  Hex/Necr       4%         N/A       58%         4
 Alistair's Intoxication  Tmut/Pois      6%         N/A       90%         5
 Borgnjor's Vile Clutch   Necr/Erth      4%         N/A       90%         5
 Eringya's Noxious Bog    Tmut/Pois      4%         N/A       100%        6
 Enfeeble                 Hex            4%         N/A       100%        7


Dungeon Overview and Level Annotations

Branches:
Dungeon (10/15)            Temple (1/1) D:7             Orc (0/2) D:9
   Lair: D:8-11

Altars:
Ashenzari
Cheibriados
Dithmenos
Elyvilon
Fedhas
Hepliaklqana
Kikubaaqudgha
Makhleb
Nemelex Xobeh
Okawaru
Qazlal
Ru
Sif Muna
Trog
Uskayaw
Wu Jian
Xom
Yredelemnul
Zin
The Shining One

Shops:
D:6 [*


Innate Abilities, Weirdness & Mutations

You can breathe blasts of fire.
Your fiery red scales are hard. (AC +7)
You cannot fit into any form of body armour.
Your flesh is heat resistant. (rF+)
You are cold-blooded and may be slowed by cold attacks.


Message History

No target in view!
The frozen ramparts melt away.
A two-headed ogre comes into view. It is wielding two +0 giant clubs.
A two-headed ogre is nearby!
A two-headed ogre is nearby!
You throw a stone. The two-headed ogre shouts in stereo!
The stone hits the two-headed ogre.
The two-headed ogre is lightly wounded.
You throw a stone.
The stone barely misses the two-headed ogre.
Aiming: Breathe Fire (3% risk of failure)
Press: ? - help, Shift-Dir - straight line, f/p - two-headed ogre
Aim: a two-headed ogre, wielding two +0 giant clubs (lightly wounded, 85% to hit)
You breathe a blast of fire.
The fiery breath misses the two-headed ogre.
The two-headed ogre is engulfed in blazing flames.
Casting: Frozen Ramparts (safe; 1% risk of failure)
Confirm with . or Enter, or press ? or * to list all spells.
Casting: Frozen Ramparts (safe; 1% risk of failure)
Press: ? - help, Dir - look around, f - activate The walls around you are covered in ice.
The wall freezes the two-headed ogre.
The wall freezes the two-headed ogre.
You barely miss the two-headed ogre.
The two-headed ogre is moderately wounded.
The wall freezes the two-headed ogre!
The two-headed ogre hits you with a +0 giant club! x2
Casting: Frozen Ramparts (safe; 1% risk of failure)
Confirm with . or Enter, or press ? or * to list all spells.
Aiming: Freeze (safe; 1% risk of failure)
Press: ? - help, Shift-Dir - straight line, f - two-headed ogre
Aim: a two-headed ogre, wielding two +0 giant clubs (heavily wounded)
You freeze the two-headed ogre!
The two-headed ogre is heavily wounded.
The wall freezes the two-headed ogre.
The two-headed ogre hits you with a +0 giant club!!
* * * LOW HITPOINT WARNING * * *
The two-headed ogre hits you with a +0 giant club!!
You die...

###+######
####'### #.#
##.# #..#
###'####
#......#
#......#
...######......#
(.°...O@'......#
...######......+
#......#
########


You could see a two-headed ogre.

Vanquished Creatures
  A two-headed ogre (D:9)
  A kobold demonologist (D:10)
  A hornet (D:8)
  A queen bee (D:9)
  2 trolls
  A shadow (D:10)
  A wyvern (D:9)
  2 steam dragons (D:8)
  Menkaure (D:6)
  2 water moccasins (D:6)
  2 orc warriors
  An ice beast (D:7)
  2 black bears (D:5)
  An ogre (D:5)
  2 centaurs
  2 phantoms (D:5)
  2 kobold brigands (D:10)
  6 scorpions
  A necrophage (D:5)
  3 bullfrogs
  A gnoll sergeant (D:9)
  9 wights
  8 killer bees (D:9)
  2 howler monkeys (D:8)
  2 electric eels (D:6)
  6 hounds
  2 gnoll shamans (D:9)
  A jelly (D:7)
  Crazy Yiuf (D:3)
  5 orc priests
  4 iguanas
  Natasha (thrice) (D:2)
  8 orc wizards
  Robin (D:3)
  18 gnolls
  8 adders
  3 white imps
  3 ufetubi
  4 worms
  3 dart slugs
  26 orcs
  6 ball pythons
  7 endoplasms
  5 giant cockroaches
  13 goblins
  7 hobgoblins
  2 quokkas (D:3)
  6 bats
  3 frilled lizards
  12 kobolds
  7 rats
221 creatures vanquished.

Vanquished Creatures (others)
  7 plants
7 creatures vanquished.

Grand Total: 228 creatures vanquished

Notes
Turn   | Place    | Note
-------+----------+-------------------------------------------
     0 | D:1      | juncz the Draconian Ice Elementalist began the quest for
                  | the Orb.
     0 | D:1      | Reached XP level 1. HP: 14/14 MP: 3/3
   419 | D:1      | Reached XP level 2. HP: 20/20 MP: 0/5
  1305 | D:2      | Noticed Natasha
  1425 | D:2      | Killed Natasha
  1426 | D:2      | Reached XP level 3. HP: 8/26 MP: 1/7
  1849 | D:2      | Learned a level 3 spell: Frozen Ramparts
  2001 | D:2      | Reached XP level 4. HP: 34/34 MP: 4/8
  2465 | D:2      | Noticed Natasha
  2470 | D:2      | Killed Natasha
  2471 | D:2      | Reached skill level 1 in Fighting
  2480 | D:2      | Noticed Natasha
  2485 | D:2      | Killed Natasha
  2486 | D:2      | Reached skill level 5 in Ice Magic
  3183 | D:3      | Reached XP level 5. HP: 40/41 MP: 5/10
  3317 | D:3      | Reached skill level 2 in Fighting
  3414 | D:3      | Identified the +1 helmet of Kat Mowk {-Tele rElec Dex+8}
  3414 | D:3      | Noticed Robin
  3421 | D:3      | Killed Robin
  3640 | D:3      | Found an ornate altar of the Wu Jian Council.
  3640 | D:3      | Found a sparkling altar of Nemelex Xobeh.
  3792 | D:3      | Found a faded altar of an unknown god.
  4156 | D:3      | Found a runed translucent door.
  4157 | D:3      | Noticed Crazy Yiuf
  4167 | D:3      | Killed Crazy Yiuf
  4170 | D:3      | Identified the +6 mace "Trog's Outrage" {vorpal, rC+ MP+9
                  | Str+2}
  4322 | D:3      | Reached XP level 6. HP: 49/50 MP: 11/11
  4357 | D:3      | Found a snail-covered altar of Cheibriados.
  4535 | D:4      | Learned a level 3 spell: Ozocubu's Armour
  4548 | D:4      | Reached skill level 3 in Fighting
  4971 | D:4      | Found a broken altar of Ashenzari.
  5248 | D:4      | Learned a level 2 spell: Blink
  5649 | D:5      | Entered Level 5 of the Dungeon
  5673 | D:5      | Your scales start taking on a fiery red colour.
  5673 | D:5      | Reduced skill Ice Magic to level 5
  5673 | D:5      | Reached XP level 7. HP: 58/58 MP: 13/13
  5673 | D:5      | Gained mutation: Your flesh is heat resistant. (rF+) [Red
                  | Draconian growth]
  5726 | D:5      | Reached skill level 1 in Translocations
  5833 | D:5      | Reached skill level 4 in Fighting
  6098 | D:5      | Reached skill level 5 in Spellcasting
  6630 | D:5      | Reached XP level 8. HP: 67/67 MP: 15/15
  6762 | D:5      | Reached skill level 5 in Fighting
  7678 | D:6      | Noticed Menkaure
  7695 | D:6      | Killed Menkaure
  8937 | D:6      | Found Dobb's Antique Armour Shop.
  9030 | D:6      | Bought a glowing cloak for 157 gold pieces
  9110 | D:6      | Reached skill level 6 in Fighting
  9292 | D:6      | Found Othrasun's Serpentskin Sales.
  9298 | D:6      | Reached XP level 9. HP: 75/78 MP: 18/18
  9438 | D:7      | Found a staircase to the Ecumenical Temple.
  9478 | Temple   | Entered the Ecumenical Temple
 10142 | D:7      | Reached skill level 7 in Fighting
 11130 | D:8      | Reached skill level 8 in Fighting
 11397 | D:9      | Noticed a queen bee
 11405 | D:9      | Killed a queen bee
 11406 | D:9      | Reached XP level 10. HP: 33/90 MP: 21/21
 11927 | D:9      | Noticed a two-headed ogre
 11936 | D:9      | Killed a two-headed ogre
 12108 | D:9      | Reached skill level 9 in Fighting
 12371 | D:9      | Found a staircase to the Orcish Mines.
 12524 | D:9      | Identified the +2 helmet of Disguise {Will+ rCorr}
 12826 | D:10     | Entered Level 10 of the Dungeon
 13455 | D:10     | Noticed a rust devil
 13538 | D:10     | Noticed a two-headed ogre
 13546 | D:10     | Demolished by a two-headed ogre

Illustrated notes

Levels and vault maps discovered:
D:1:      kennysheep_arrival_seaside, layout_loops_ring, minmay_crystal_room,
          minmay_misc_feat_four_crosses
D:2:      layout_basic, dk_noncrumbling_3,
          nicolae_concentric_dashed_squares_wild, uniq_natasha
D:3:      layout_loops_ring, mainiacjoe_overflow_paths,
          nicolae_overflow_hidden_temple, dilly_ecumenical_altar_fadedgnrine,
          uniq_robin, uniq_crazy_yiuf_cottage
D:4:      layout_loops_cross, mainiacjoe_overflow_alcove_4
D:5:      layout_loops_corners
D:6:      layout_gridville, serial_shops, shop, minivault_14,
          amcnicky_mini_rare_corridor_liquid, guppyfry_shop_venom, uniq_menkaure
D:7:      layout_basic, minmay_temple_entry_trees
D:8:      layout_rooms
D:9:      layout_stronghold, orc_0_dummy, nicolae_looking_at_the_future
D:10:     layout_roguey, vehumet_crystals
Temple:   eino_temple_rhombus

Skill      XL: |  1  2  3  4  5  6  7  8  9 10 |
---------------+-------------------------------+-----
Spellcasting   | 3 4 5 6 7 8 |  8.7
Fighting       | 1 2 3 4 6 8 9 |  9.6
Ice Magic      | 5 5 6 7 8 |  8.5
Translocations | 2 4 |  4.0
Dodging        | |  1.7
Stealth        | |  1.7

Action                   |  1- 3 |  4- 6 |  7- 9 | 10-12 || total
-------------------------+-------+-------+-------+-------++-------
Melee: Dagger            |    17 |       |       |       ||    17
       Spear             |    12 |    39 |       |       ||    51
       Tailslap          |     1 |     6 |     8 |    12 ||    27
       Mace              |       |    32 |   104 |    45 ||   181
       Punch             |       |     1 |     4 |     1 ||     6
Throw: Stone             |       |    20 |    32 |    11 ||    63
 Cast: Freeze            |    38 |    21 |    29 |     4 ||    92
       Frozen Ramparts   |     1 |    37 |    44 |    17 ||    99
       Ozocubu's Armour  |       |       |    11 |     4 ||    15
       Blink             |       |       |       |     1 ||     1
 Abil: Breathe Fire      |       |       |     2 |     4 ||     6
  Use: Scroll            |       |     5 |     3 |     4 ||    12
 Stab: Sleeping          |     3 |     1 |     1 |       ||     5
Armor: Skin              |    22 |    17 |    58 |    24 ||   121
Dodge: Dodged            |    34 |    37 |    91 |    42 ||   204

Table legend: (Time is in decaauts)
 A = Elapsed time spent in this place.
 B = Non-inter-level travel time spent in this place.
 C = Inter-level travel time spent in this place.
 D = Time resting spent in this place.
 E = Time spent auto-exploring this place.
 F = Levels seen in this place.
 G = Mean time per level.
                   A        B        C        D        E       F      G
               +--------+--------+--------+--------+--------+-----+--------+
         Total |  13649 |  13185 |    464 |   2678 |   8736 |  11 | 1240.8 |
       Dungeon |  13403 |  12997 |    406 |   2678 |   8561 |  10 | 1340.3 |
        Temple |    245 |    187 |     58 |      0 |    175 |   1 |  245.0 |
               +--------+--------+--------+--------+--------+-----+--------+

Top non-repeatable levels by time:
     D:6: 2047 daAuts
     D:2: 1946 daAuts
     D:5: 1741 daAuts
     D:9: 1608 daAuts
     D:3: 1444 daAuts
     D:1: 1156 daAuts
     D:4: 1138 daAuts
     D:7: 797 daAuts
     D:8: 796 daAuts
    D:10: 727 daAuts
  Temple: 245 daAuts
